 Dungeon Crawl Stone Soup version 0.28.0-45-g0d030f2227 (webtiles) character file.

Game seed: 4381970065280946094

21 Zeld the Chopper (level 2, -2/27 HPs)
             Began as a Hill Orc Monk on Apr 18, 2022.
             Slain by a goblin
             ... wielding a +0 dagger
             ... led by Robin
              (3 damage)
             ... on level 2 of the Dungeon.
             The game lasted 00:00:52 (990 turns).

Zeld the Chopper (Hill Orc Monk)                     Turns: 990, Time: 00:00:53

Health: -2/27      AC:  2    Str: 13    XL:     2   Next: 83%
Magic:  2/2        EV: 12    Int: 10    God:
Gold:   66         SH:  0    Dex: 13    Spells: 1/1 levels left

rFire   . . .      SeeInvis .   a - +0 hand axe
rCold   . . .      Faith    .   (no shield)
rNeg    . . .      Spirit   .   b - +0 robe
rPois   .          Reflect  .   (no helmet)
rElec   .          Harm     .   (no cloak)
rCorr   .          Rampage  .   (no gloves)
Will    .....                   (no boots)
Stlth   ++........              (no amulet)
HPRegen 0.09/turn               (no ring)
MPRegen 0.08/turn               (no ring)

@: no status effects
A: no striking features
a: no special abilities


You were on level 2 of the Dungeon.
You visited 1 branch of the dungeon, and saw 2 of its levels.

You collected 66 gold pieces.

Inventory:

Hand Weapons
 a - a +0 hand axe (weapon)
Armour
 b - a +0 robe (worn)
Scrolls
 e - a scroll of immolation {unknown}
 f - a scroll of magic mapping {unknown}
 h - a scroll of teleportation {unknown}
 i - a scroll of identify {unknown}
Potions
 c - 2 potions of heal wounds {unknown}
 d - a potion of attraction {unknown}
 g - a potion of might {unknown}


   Skills:
 + Level 3.9 Fighting
 * Level 4.6 Axes
 + Level 2.6 Dodging
 + Level 1.9 Stealth


You had one spell level left.
You didn't know any spells.
Your spell library was empty.

Dungeon Overview and Level Annotations

Branches:
Dungeon (2/15)

Altars:

Annotations:
D:2 Robin


Message History

The goblin misses you. Robin throws the goblin at you!
You hit the goblin.
You kill the goblin!
You hit the goblin but do no damage. The goblin hits you with a +0 dagger.
The hobgoblin hits you.
You are too injured to fight recklessly!
You miss the goblin. You hit the hobgoblin.
The goblin hits you with a +0 dagger.
* * * LOW HITPOINT WARNING * * *
The hobgoblin barely misses you.
Unknown command.
You closely miss the goblin. You barely miss the hobgoblin.
The goblin barely misses you. The hobgoblin hits you.
* * * LOW HITPOINT WARNING * * *
Unknown command.
You barely miss the goblin. You completely miss the hobgoblin.
The goblin hits you but does no damage. The hobgoblin hits you.
* * * LOW HITPOINT WARNING * * *
Unknown command.
You hit the goblin.
The goblin is heavily wounded.
You hit the hobgoblin but do no damage.
The hobgoblin no longer looks unusually strong.
The goblin no longer looks unusually strong.
The goblin hits you with a +0 dagger.
* * * LOW HITPOINT WARNING * * *
Robin roars a battlecry!
The goblins go into a battle-frenzy!
The hobgoblin barely misses you. The goblin closely misses you.
You hit the goblin but do no damage.
The goblin is heavily wounded.
You hit the hobgoblin but do no damage. The hobgoblin misses you.
The goblin hits you with a +0 dagger.
* * * LOW HITPOINT WARNING * * *
Unknown command.
You barely miss the goblin.
The goblin is heavily wounded.
You hit the hobgoblin but do no damage. The hobgoblin closely misses you.
The goblin hits you with a +0 dagger.
You die...

#.........####.....#.#
+.........'.......#..#
#.........####...##..#
##.......## #.......#
##.....## #.......#
##$..########.######
##.......# #.#
#g#####.# #.# #@# #.#
#g#


rgg ggg.. ##....# .....# ##.### #.# You could see Robin, a hobgoblin (strong), 5
goblins and a rat.

Vanquished Creatures
  A bat (D:1)
  An endoplasm (D:1)
  3 giant cockroaches (D:1)
  6 goblins
  2 hobgoblins (D:1)
  2 frilled lizards (D:1)
  3 rats (D:1)
18 creatures vanquished.

Vanquished Creatures (others)
  4 toadstools (D:1)
4 creatures vanquished.

Grand Total: 22 creatures vanquished

Notes
Turn   | Place    | Note
-------+----------+-------------------------------------------
     0 | D:1      | Zeld the Hill Orc Monk began the quest for the Orb.
     0 | D:1      | Reached XP level 1. HP: 19/19 MP: 1/1
   289 | D:1      | Reached XP level 2. HP: 19/27 MP: 2/2
   619 | D:1      | Found a faded altar of an unknown god.
   972 | D:2      | Noticed Robin
   989 | D:2      | HP: 1/27 [goblin/+0 dagger[Robin] (1)]
   990 | D:2      | Slain by a goblin

Illustrated notes

Levels and vault maps discovered:
D:1:      ldierk_water_garden, layout_rooms, chequers_ecumenical_altar_twisty
D:2:      layout_loops_corners, kennysheep_generic_room_9, uniq_robin

Action                   || total
-------------------------++-------
Melee: Hand axe          ||    80
Armor: Robe              ||     9
Dodge: Dodged            ||    61
